 Dungeon Crawl Stone Soup version 0.26-b1-32-g5d43845318 (webtiles) character file.

Game seed: 13369195851913047566

65 theswoord the Insei (level 3, -7/27 HPs)
             Began as a Demonspawn Transmuter on Jan 11, 2021.
             Killed from afar by a bat (34 damage)
             ... with an exploding inner flame
             ... on level 3 of the Dungeon.
             The game lasted 00:02:56 (2548 turns).

theswoord the Insei (Demonspawn Transmuter)         Turns: 2548, Time: 00:02:57

Health: -7/27      AC:  2    Str: 17    XL:     3   Next: 94%
Magic:  5/6        EV: 12    Int: 14    God:
Gold:   124        SH:  0    Dex: 13    Spells: 3/6 levels left

rFire    . . .     SeeInvis .     - Unarmed
rCold    . . .     Faith    .   (no shield)
rNeg     . . .     Spirit   .   a - +0 robe
rPois    .         Reflect  .   (helmet currently unavailable)
rElec    .         Harm     .   (no cloak)
rCorr    .         Rampage  .   (no gloves)
Will     .....                  (boots currently unavailable)
Stlth    ..........             (no amulet)
HPRegen  0.09/turn              d - +6 ring of strength
MPRegen  0.10/turn              i - ring of attention (curse)

@: appendages (expiring)
A: horns 2, talons 2, miasma immunity
a: End Transformation


You were on level 3 of the Dungeon.
You had grown temporary horns.
You had grown temporary talons.
You visited 1 branch of the dungeon, and saw 3 of its levels.

You collected 124 gold pieces.

Inventory:

Armour
 a - a +0 robe (worn)
Jewellery
 d - a +6 ring of strength (left hand)
 i - a cursed ring of attention (right hand)
 l - an uncursed ring of see invisible {unknown}
Potions
 b - 2 potions of curing
 e - a potion of ambrosia {unknown}
 g - a potion of might {unknown}


   Skills:
 + Level 2.3 Fighting
 - Level 1.7 Dodging
 + Level 3.3 Unarmed Combat
 - Level 2.0 Spellcasting
 + Level 2.6 Transmutations


You had 3 spell levels left.
You knew the following spells:

 Your Spells              Type           Power        Failure   Level
a - Beastly Appendage     Tmut           16%          9%          1
b - Wereblood             Tmut           8%           12%         2

Your spell library contained the following spells:

 Spells                   Type           Power        Failure   Level
 Spider Form              Tmut/Pois      2%           38%         3
 Ice Form                 Ice/Tmut       5%           80%         4
 Blade Hands              Tmut           4%           92%         5


Dungeon Overview and Level Annotations

Branches:
Dungeon (3/15)

Altars:
Yredelemnul


Innate Abilities, Weirdness & Mutations

You are immune to miasma.
You have a pair of horns on your head.
You have razor-sharp toenails.


Message History

There are monsters nearby!
You barely miss the giant cockroach. The bat hits you but does no damage.
The giant cockroach bites you.
The giant cockroach completely misses you.
You hit the giant cockroach but do no damage.
Your kick misses the giant cockroach.
Your headbutt misses the giant cockroach.
The bat closely misses you. The giant cockroach barely misses you.
You closely miss the bat. Your kick misses the bat. The bat closely misses you.
The giant cockroach closely misses you.
An orc comes into view. It is wielding a +0 dagger.
You hit the orc.
You kill the orc!
Your transformation is almost over.
The giant cockroach misses you. The bat closely misses you.
You closely miss the bat. You claw the bat.
The bat explodes!
The fiery explosion engulfs you!!
Ouch! That really hurt!
You die...

.. .. .. .## .#
...# ..... #
.#..#.# #
..#...#
#...####§......
.......@B§.....
###........#...
#.#.####.#
..... .# . ...
.# ..... # .(..
....


You could see a giant cockroach.

Vanquished Creatures
  2 adders (D:2)
  A dart slug (D:1)
  A leopard gecko (D:2)
  An orc (D:3)
  A ball python (D:1)
  5 giant cockroaches
  2 goblins (D:2)
  6 hobgoblins
  2 jackals (D:1)
  A quokka (D:2)
  5 bats
  2 gnoll zombies (D:2)
  8 kobolds
  6 rats (D:1)
43 creatures vanquished.

Notes
Turn   | Place    | Note
-------+----------+-------------------------------------------
     0 | D:1      | theswoord the Demonspawn Transmuter began the quest for the
                  | Orb.
     0 | D:1      | Reached XP level 1. HP: 15/15 MP: 3/3
   343 | D:1      | Gained mutation: You are immune to miasma. [demonic
                  | ancestry]
   343 | D:1      | Reached XP level 2. HP: 14/21 MP: 5/5
   859 | D:1      | Reached skill level 3 in Unarmed Combat
  1411 | D:1      | Learned a level 2 spell: Wereblood
  1464 | D:2      | Reached XP level 3. HP: 19/27 MP: 3/6
  2460 | D:2      | Found a basalt altar of Yredelemnul.
  2548 | D:3      | Killed from afar by a bat

Skill      XL: |  1  2  3 |
---------------+----------+-----
Transmutations | 2 |  2.6
Unarmed Combat | 3 |  3.3
Fighting       | 2 |  2.3
Dodging        | |  1.7
Spellcasting   | |  2.0

Action                   || total
-------------------------++-------
Melee: Unarmed           ||   162
       Punch             ||     1
       Kick              ||    16
       Headbutt          ||     5
 Cast: Beastly Appendage ||    13
       Wereblood         ||     1
  Use: Scroll            ||     6
Armor: Robe              ||    37
Dodge: Dodged            ||   121

Levels and vault maps discovered:
D:1:      minmay_arrival_solitary_statue, layout_rooms, due_unseen_surprise
D:2:      cheibrodos_helix_gallery, layout_rooms,
          lemuel_zombie_altar_yredelemnul, kennysheep_flooded_box,
          minmay_tiny_reverse_x
D:3:      minmay_spotlight, layout_basic, nzn_hepliaklqana_mist_gate,
          uniq_sigmund
